 Dungeon Crawl Stone Soup version 0.23-a0-584-g44dd78f (webtiles) character file.

12296 theanonym the Severer (level 11, -8/103 (104) HPs)
             Began as a Minotaur Gladiator on Dec 14, 2018.
             Was a Believer of Makhleb.
             Mangled by an ogre
             ... wielding a +0 giant club
              (20 damage)
             ... on level 2 of the Orcish Mines on Dec 17, 2018.
             The game lasted 00:22:11 (11600 turns).

theanonym the Severer (Minotaur Gladiator)         Turns: 11600, Time: 00:22:12

HP:   -8/103 (104)  AC: 16    Str: 21    XL:     11   Next: 60%
MP:   10/10         EV:  8    Int:  6    God:    Makhleb [**....]
Gold: 411           SH:  0    Dex: 12    Spells: 10/10 levels left

rFire    + . .     SeeInvis .   a - +1 battleaxe
rCold    . . .     Gourm    .   (shield currently unavailable)
rNeg     + . .     Faith    .   M - +0 plate armour
rPois    .         Spirit   .   c - +1 hat
rElec    .         Reflect  .   (no cloak)
rCorr    .         Harm     .   H - +0 pair of gloves
MR       .....                  (no boots)
Stlth    ..........             y - amulet of the acrobat
HPRegen  0.27/turn              K - ring of positive energy
MPRegen  0.12/turn              z - ring of protection from fire

@: slowed, very slow
A: retaliatory headbutt, horns 2
a: Minor Destruction, Renounce Religion


Innate Abilities, Weirdness & Mutations

You reflexively headbutt those who attack you in melee.
You have a pair of horns on your head.


   Skills:
 + Level 11.8 Fighting
 * Level 15.9 Axes
 - Level 2.0 Throwing
 + Level 8.2 Armour
 - Level 5.0 Dodging


You had 10 spell levels left.
You didn't know any spells.
Your spell library contained the following spells:

 Spells                   Type           Power        Failure   Level  Hunger
 Summon Small Mammal      Summ           #...         100%        1    ##.....
 Call Imp                 Summ           #.......     100%        2    ###....
 Call Canine Familiar     Summ           #.......     100%        3    ####...
 Summon Guardian Golem    Hex/Summ       #.......     100%        3    ####...
 Summon Ice Beast         Ice/Summ       #.......     100%        4    #####..
 Summon Lightning Spire   Summ/Air       #.......     100%        4    #####..

Skill      XL: |  1  2  3  4  5  6  7  8  9 10 11 |
---------------+----------------------------------+-----
Axes           | 4 5 6 8 10 13 14 15 | 15.9
Armour         | 1 2 3 5 6 8 |  8.2
Fighting       | 3 4 5 7 9 11 | 11.8
Dodging        | 4 5 |  5.0
Throwing       | |  2.0

Action                   |  1- 3 |  4- 6 |  7- 9 | 10-12 || total
-------------------------+-------+-------+-------+-------++-------
Melee: War axe           |    54 |   116 |   348 |   164 ||   682
       Headbutt          |     6 |    23 |    82 |    39 ||   150
       Battleaxe         |       |       |       |    65 ||    65
Throw: Throwing net      |       |     3 |     2 |     2 ||     7
Evoke: Wand              |       |       |     5 |    16 ||    21
  Use: Scroll            |       |       |    22 |     1 ||    23
 Stab: Held in net/web   |       |     1 |       |     1 ||     2
       Paralysed         |       |       |       |     7 ||     7
  Eat: Chunk             |       |     7 |    10 |     3 ||    20
       Ration            |       |       |     3 |     2 ||     5
Armor: Leather armour    |     5 |    11 |       |       ||    16
       Scale mail        |       |    24 |    46 |       ||    70
       Ring mail         |       |    13 |       |       ||    13
       Chain mail        |       |       |   117 |    52 ||   169
       Plate armour      |       |       |       |    20 ||    20
Dodge: Dodged            |    29 |    55 |   103 |    73 ||   260
Block: Shield            |    19 |    50 |   111 |    57 ||   237

Inventory:

Hand Weapons
 a - a +1 battleaxe (weapon)
   (You took it off an orc warrior on level 10 of the Dungeon)
Armour
 c - a +1 hat (worn)
 H - a +0 pair of gloves (worn)
   (You found it on level 3 of the Dungeon)
 M - a +0 plate armour (worn)
   (You took it off an orc warrior on level 10 of the Dungeon)
Magical Staves
 s - an uncursed staff of energy {unknown}
   (You found it on level 6 of the Dungeon)
Jewellery
 p - an uncursed ring of ice
   (You found it on level 3 of the Dungeon)
 y - an amulet of the acrobat (around neck)
   (You found it on level 7 of the Dungeon)
 z - a ring of protection from fire (right hand)
   (You found it on level 4 of the Dungeon)
 K - a ring of positive energy (left hand)
   (You found it on level 6 of the Dungeon)
 L - an uncursed ring of protection from cold
   (You found it on level 10 of the Dungeon)
Wands
 d - a wand of digging (8)
   (You found it on level 5 of the Dungeon)
 g - a wand of enslavement (14)
   (You found it on level 8 of the Dungeon)
 l - a wand of paralysis (5)
   (You found it on level 9 of the Dungeon)
 A - a wand of flame (17)
   (You found it on level 7 of the Dungeon)
 C - a wand of disintegration (7)
   (You took it off Ijyb on level 4 of the Dungeon)
 G - a wand of polymorph (6)
   (You found it on level 8 of the Dungeon)
Scrolls
 f - a scroll of fog
 k - 3 scrolls of amnesia
 n - 3 scrolls of remove curse
 o - a scroll of fear
 t - 4 scrolls of teleportation {!r}
 I - a scroll of immolation
Potions
 b - a potion of flight
 h - 4 potions of haste
 j - 5 potions of agility
 m - 2 potions of ambrosia
 q - 4 potions of heal wounds
 u - 2 potions of cancellation
 w - 4 potions of curing
 x - a potion of degeneration
 B - a potion of mutation {unknown}
 F - 3 potions of lignification
 J - a potion of magic {unknown}
Comestibles
 e - 13 rations
 i - 6 chunks of flesh


You were on level 2 of the Orcish Mines.
You worshipped Makhleb.
Makhleb was pleased with you.
You were not hungry.

You visited 3 branches of the dungeon, and saw 13 of its levels.

You collected 903 gold pieces.
You spent 492 gold pieces at shops.

Dungeon Overview and Level Annotations

Branches:
Dungeon (10/15)            Temple (1/1) D:7            Lair (0/6) D:10
    Orc (2/2) D:10
    Elf: Orc:2

Altars:
Ashenzari
Cheibriados
Dithmenos
Elyvilon
Gozag
Makhleb
Nemelex Xobeh
Qazlal
Ru
Trog
Uskayaw
Vehumet
Wu Jian
Xom
Yredelemnul
The Shining One

Shops:
D:9 !

Annotations:
D:5 3 runed doors, Eptagon's ghost, novice GrFi
D:8 1 runed door, Cenon's ghost, novice DgTm

.....#.....#....
................. #
#................ ##.#
#.....#......... ###...
##.............. ##..#..#
##.##............
#.......##................
##.∩...#)#....))..........
........O@#...))..........
.......#O#)..#.##.[[......
. ##....###.#######[.#....
...#.#.#.#### ##..<.....
#.......# #..)......
##.#...## #..........
#§#...# ##.....##..
...#.## #.....# .. .......
...#.#. .


You could see 2 ogres.

Notes
Turn   | Place    | Note
-------+----------+-------------------------------------------
     0 | D:1      | theanonym the Minotaur Gladiator began the quest for the
                  | Orb.
     0 | D:1      | Reached XP level 1. HP: 18/18 MP: 0/0
    82 | D:1      | Reached skill level 4 in Axes
    82 | D:1      | Reached XP level 2. HP: 25/25 MP: 1/1
   171 | D:1      | Reached skill level 1 in Armour
   305 | D:1      | Reached XP level 3. HP: 30/30 MP: 2/2
   526 | D:1      | Reached skill level 3 in Fighting
   540 | D:1      | Upgraded the game from 0.23-a0-577-g2b1de94 to
                  | 0.23-a0-584-g44dd78f
   924 | D:2      | Reached XP level 4. HP: 28/38 MP: 3/3
   927 | D:2      | HP: 19/38 [orc wizard/puff of frost (5)]
   928 | D:2      | Reached skill level 5 in Axes
   928 | D:2      | Reached skill level 2 in Armour
   931 | D:2      | HP: 6/38 [orc/cursed -2 hand axe (4)]
   933 | D:2      | Reached skill level 4 in Dodging
   933 | D:2      | HP: 2/38 [orc/+0 falchion (4)]
   967 | D:2      | HP: 4/38 [rat (2)]
  1780 | D:3      | Reached XP level 5. HP: 45/45 MP: 4/4
  1799 | D:3      | Found a snail-covered altar of Cheibriados.
  2378 | D:4      | Noticed Ijyb
  2388 | D:4      | HP: 17/46 [disintegration (16)]
  2390 | D:4      | Killed Ijyb
  2821 | D:5      | Entered Level 5 of the Dungeon
  2834 | D:5      | Noticed Eustachio
  2846 | D:5      | Noticed Blork the orc
  2853 | D:5      | Killed Eustachio
  2853 | D:5      | Reached skill level 4 in Fighting
  2853 | D:5      | Reached skill level 6 in Axes
  2853 | D:5      | Reached skill level 3 in Armour
  2853 | D:5      | Reached XP level 6. HP: 51/52 MP: 5/5
  2859 | D:5      | Killed Blork the orc
  2908 | D:5      | Found a runed gate.
  2909 | D:5      | Found a runed gate.
  2909 | D:5      | Found a runed gate.
  2918 | D:5      | Found an opulent altar of Gozag.
  2918 | D:5      | Noticed Eptagon's ghost (novice GrFi)
  3035 | D:5      | Reached XP level 7. HP: 59/60 MP: 6/6
  3106 | D:5      | HP: 24/60 [ogre/+0 giant club (11)]
  3108 | D:5      | Reached skill level 5 in Dodging
  3112 | D:5      | HP: 21/60 [orc wizard/magic dart (3)]
  3126 | D:5      | HP: 21/60 [orc wizard/+0 dagger (3)]
  3150 | D:4      | HP: 19/60 [worker ant (4)]
  3153 | D:4      | Reached skill level 7 in Axes
  3153 | D:4      | Reached skill level 4 in Armour
  3378 | D:5      | Reached skill level 5 in Fighting
  4125 | D:6      | HP: 29/61 [orc warrior/+0 war axe (13)]
  4140 | D:5      | HP: 30/61 [something/magic dart (2)]
  4145 | D:5      | Reached skill level 8 in Axes
  4354 | D:6      | Reached skill level 5 in Armour
  4354 | D:6      | Reached XP level 8. HP: 70/70 MP: 7/7
  4567 | D:6      | Found a sparkling altar of Nemelex Xobeh.
  4583 | D:6      | Reached skill level 6 in Fighting
  4880 | D:7      | Noticed Prince Ribbit
  4888 | D:7      | Reached skill level 9 in Axes
  4930 | D:7      | Killed Prince Ribbit
  5101 | D:7      | Reached skill level 7 in Fighting
  5101 | D:7      | Reached skill level 10 in Axes
  5325 | D:7      | Reached XP level 9. HP: 79/79 MP: 8/8
  5457 | D:7      | Reached skill level 11 in Axes
  5661 | D:7      | Reached skill level 8 in Fighting
  5741 | D:7      | Found a staircase to the Ecumenical Temple.
  5751 | Temple   | Entered the Ecumenical Temple
  5871 | Temple   | Became a worshipper of Makhleb the Destroyer
  6473 | D:8      | Found a runed door.
  6473 | D:8      | Noticed Cenon's ghost (novice DgTm)
  6743 | D:8      | Found a stormy altar of Qazlal.
  7361 | D:9      | Reached skill level 12 in Axes
  7578 | D:9      | Reached skill level 9 in Fighting
  7683 | D:9      | HP: 31/82 [wyvern (11)]
  7688 | D:9      | HP: 22/82 [wyvern (10)]
  8140 | D:9      | Found Til Dixococ's Distillery.
  8145 | D:9      | Bought a potion of lignification for 36 gold pieces
  8145 | D:9      | Bought a potion of lignification for 36 gold pieces
  8145 | D:9      | Bought a potion of agility for 48 gold pieces
  8145 | D:9      | Bought 2 potions of agility for 96 gold pieces
  8145 | D:9      | Bought a potion of curing for 36 gold pieces
  8145 | D:9      | Bought 2 potions of haste for 240 gold pieces
  8241 | D:10     | Entered Level 10 of the Dungeon
  8359 | D:10     | Noticed a two-headed ogre
  8361 | D:10     | Reached * piety under Makhleb
  8361 | D:10     | Reached skill level 13 in Axes
  8361 | D:10     | Reached XP level 10. HP: 67/90 MP: 9/9
  8371 | D:10     | Killed a two-headed ogre
  8382 | D:10     | HP: 45/92 [bullfrog (5)]
  8392 | D:10     | HP: 45/92 [killer bee (2)]
  8398 | D:10     | HP: 37/92 [poisoned by a killer bee]
  8404 | D:10     | HP: 36/92 [poisoned by a killer bee]
  8411 | D:10     | HP: 34/92 [bullfrog (3)]
  8416 | D:10     | Reached skill level 10 in Fighting
  8416 | D:10     | HP: 31/92 [poisoned by a killer bee]
  8850 | D:10     | Found a staircase to the Lair.
  8877 | D:10     | Noticed Urug
  8900 | D:10     | Killed Urug
  8900 | D:10     | Reached skill level 14 in Axes
  9138 | D:10     | Found a staircase to the Orcish Mines.
  9154 | D:10     | Noticed a manticore
  9169 | D:10     | HP: 37/93 [manticore (14)]
  9171 | D:10     | Killed a manticore
  9171 | D:10     | Reached skill level 6 in Armour
  9594 | D:10     | Noticed a gargoyle
  9606 | D:10     | HP: 44/93 [gargoyle/stone arrow (10)]
  9608 | D:10     | Killed a gargoyle
 10453 | Orc:1    | Entered Level 1 of the Orcish Mines
 10466 | Orc:1    | Reached skill level 11 in Fighting
 10466 | Orc:1    | Reached XP level 11. HP: 101/101 MP: 10/10
 10814 | Orc:1    | Reached ** piety under Makhleb
 10876 | Orc:1    | Reached skill level 15 in Axes
 11080 | Orc:2    | Entered Level 2 of the Orcish Mines
 11160 | Orc:2    | Noticed a two-headed ogre
 11160 | Orc:2    | Noticed a two-headed ogre
 11194 | Orc:2    | Noticed a two-headed ogre
 11200 | Orc:2    | Killed a two-headed ogre
 11200 | Orc:2    | Reached skill level 7 in Armour
 11236 | Orc:2    | Noticed a two-headed ogre
 11278 | Orc:2    | Noticed a two-headed ogre
 11286 | Orc:2    | Noticed a two-headed ogre
 11286 | Orc:2    | HP: 40/101 [two-headed ogre/+0 giant club (14)]
 11288 | Orc:2    | Killed a two-headed ogre
 11294 | Orc:2    | HP: 27/101 [two-headed ogre/+0 dire flail (3)]
 11296 | Orc:2    | Killed a two-headed ogre
 11587 | Orc:2    | Noticed an ogre mage
 11588 | Orc:2    | Noticed a two-headed ogre
 11595 | Orc:2    | Killed an ogre mage
 11595 | Orc:2    | Reached skill level 8 in Armour
 11596 | Orc:2    | Noticed an ogre mage
 11597 | Orc:2    | HP: 35/103 [two-headed ogre/+0 giant club (26)]
 11599 | Orc:2    | Killed a two-headed ogre
 11600 | Orc:2    | HP: 12/103 [ogre/+0 giant club (16)]
 11600 | Orc:2    | Mangled by an ogre

Vanquished Creatures
  An ogre mage (Orc:2)
  5 two-headed ogres
  Urug (D:10)
  A manticore (D:10)
  A gargoyle (D:10)
  A troll (D:10)
  Prince Ribbit (D:7)
  A yak (D:7)
  3 wyverns
  A wraith (D:10)
  Eustachio (D:5)
  A hungry ghost (D:9)
  2 wargs (Orc:1)
  7 orc warriors
  4 porcupines (D:10)
  A black bear (D:10)
  2 ice beasts
  2 sky beasts
  A necrophage (D:8)
  12 ogres
  2 phantoms
  2 centaurs (D:10)
  A crocodile (D:10)
  Blork the orc (D:5)
  5 bullfrogs
  A scorpion (D:10)
  10 wights
  A bullfrog zombie (D:6)
  A hound (D:8)
  5 crimson imps
  4 bullfrog skeletons
  A centaur skeleton (D:6)
  4 jellies
  13 orc wizards
  3 orc priests
  3 iguanas
  Ijyb (D:4)
  13 worker ants
  A hound skeleton (D:5)
  2 worker ant zombies
  A gnoll (D:10)
  8 adders
  3 shadow imps
  3 oozes (D:1)
  An adder zombie (D:6)
  2 worms (D:2)
  9 dart slugs
  2 leopard geckos
  32 orcs
  5 giant cockroaches
  4 goblins
  8 hobgoblins
  15 jackals
  5 quokkas
  5 bats
  3 frilled lizards (D:2)
  A jackal zombie (D:5)
  11 kobolds
  2 leopard gecko skeletons
  11 rats
  2 fungi (D:10)
256 creatures vanquished.

Vanquished Creatures (collateral kills)
  A killer bee (D:10)
1 creature vanquished.

Vanquished Creatures (others)
  A black bear (D:10)
  2 killer bees (D:10)
  An orc wizard (D:7)
  34 fungi (D:10)
  12 plants (D:10)
  7 toadstools (D:1)
57 creatures vanquished.

Grand Total: 314 creatures vanquished

Table legend:
 A = Turns spent in this place as a percentage of turns spent in the entire game.
 B = Non-inter-level travel turns spent in this place as a percentage of non-inter-level travel turns spent in the entire game.
 C = Inter-level travel turns spent in this place as a percentage of turns spent in this place.
 D = Turns resting spent in this place as a percentage of non-inter-level travel turns spent in this place.
 E = Turns spent auto-exploring this place as a percentage of non-inter-level travel turns spent in this place.
 F = Non-inter-level travel turns spent in this place divided by the number of levels of this place that you've seen.
                   A       B       C       D       E      F
               +-------+-------+-------+-------+-------+----------------------
         Total | 100.0 | 100.0 |   3.7 |  33.8 |  50.9 | 859.5
       Dungeon |  91.5 |  91.6 |   3.6 |  33.0 |  52.0 | 1023.1
        Temple |   1.3 |   1.1 |  19.2 |   0.0 |  96.7 | 122.0
  Orcish Mines |   7.2 |   7.3 |   1.2 |  48.7 |  30.0 | 410.5
               +-------+-------+-------+-------+-------+----------------------
